 Dungeon Crawl Stone Soup version 0.28.0 (webtiles) character file.

Game seed: 5937945066698993966

17595 raph the Thaumaturge (level 12, -3/90 HPs)
             Began as a Djinni Fire Elementalist on Feb 14, 2022.
             Was a Priest of Makhleb.
             Slain by a two-headed ogre (19 damage)
             ... on level 14 of the Dungeon.
             The game lasted 00:30:14 (23100 turns).

raph the Thaumaturge (Djinni Fire Elementalist)    Turns: 23100, Time: 00:30:15

Health: -3/90      AC: 10    Str:  7    XL:     12   Next: 84%
Gold:   263        EV: 19    Int: 22    God:    Makhleb [***...] SH:  5 Dex: 20

rFire   + + +      SeeInvis .   q - staff of fire
rCold   x . .      Faith    .   j - orb {*Rage}
rNeg    . . .      Spirit   .   G - +1 steam dragon scales
rPois   ∞          Reflect  +   z - +2 helmet
rElec   .          Harm     .   c - +0 cloak
rCorr   .          Rampage  .   (no gloves)
Will    +....      Rage     20% (boots unavailable)
Stlth   ++........              B - amulet of reflection
HPRegen 0.25/turn               d - +4 ring of slaying
MPRegen 0.00/turn               K - +6 ring of dexterity

@: flying
A: sickness immunity, fire resistance 2, cold vulnerability 1, float, innate
caster, HP casting, extra vitality 1
a: Renounce Religion, Minor Destruction, Lesser Servant of Makhleb


You were on level 14 of the Dungeon.
You worshipped Makhleb.
Makhleb was most pleased with you.
You visited 2 branches of the dungeon, and saw 14 of its levels.

You collected 743 gold pieces.
You spent 480 gold pieces at shops.

Inventory:

Hand Weapons
 b - a +1 whip
 m - a +1 whip of electrocution
 n - a +0 rapier of electrocution
Missiles
 t - a throwing net
 u - 3 javelins
Armour
 a - +0 acid dragon scales
 c - a +0 cloak (worn)
 f - a scarf of shadows
 j - an orb of wrath (worn)
 o - the +1 robe of Okawaru's Reproof {Int+2}
   (You found it on level 3 of the Dungeon)

   Int:       It affects your intelligence (+2).
 s - a +0 helmet
 y - a +2 cloak
 z - a +2 helmet (worn)
 G - +1 steam dragon scales (worn)
Magical Staves
 q - a staff of fire (weapon)
Jewellery
 d - a +4 ring of slaying (left hand)
 B - an amulet of reflection (around neck)
 C - a ring of willpower
 E - a ring of positive energy
 F - a ring of ice
 H - a ring of protection from cold
 K - a +6 ring of dexterity (right hand)
 N - a +6 ring of intelligence
Wands
 i - a wand of iceblast (17)
 r - a wand of charming (22)
 w - a wand of polymorph (6)
 A - a wand of mindburst (12)
 L - a wand of flame (9)
 O - a wand of digging (5)
Scrolls
 e - 5 scrolls of fear
 h - 6 scrolls of enchant weapon
 l - a scroll of identify
 x - a scroll of blinking
 D - a scroll of silence
 Q - a scroll of teleportation
Potions
 g - 8 potions of curing
 k - 7 potions of attraction
 p - a potion of magic
 v - a potion of ambrosia
 J - a potion of brilliance
 M - a potion of invisibility
 P - a potion of flight {unknown}
Miscellaneous
 I - a phial of floods


   Skills:
 + Level 9.4 Fighting
 - Level 2.8 Staves
 + Level 10.6 Dodging
 - Level 2.0 Stealth
 * Level 10.7 Spellcasting
 + Level 6.3 Invocations


You had 5 spell levels left.
You knew the following spells:

 Your Spells              Type           Power      Damage    Failure   Level
a - Foxfire               Conj/Fire      100%       2x1d9     1%          1
b - Scorch                Fire           100%       2d10      1%          2
c - Conjure Flame         Conj/Fire      73%        6-21      1%          3
d - Inner Flame           Hex/Fire       73%        N/A       1%          3
e - Flame Wave            Conj/Fire      73%        2d13      1%          4
f - Animate Skeleton      Necr           100%       N/A       1%          1
g - Poisonous Vapours     Pois/Air       100%       N/A       1%          2
h - Blink                 Tloc           100%       N/A       1%          2
i - Iskenderun's Mystic   Conj/Tloc      56%        2d12      1%          4
j - Borgnjor's Vile Clut  Necr/Erth      28%        N/A       1%          5
Your spell library was empty.

Dungeon Overview and Level Annotations

Branches:
Dungeon (12/15)            Temple (1/1) D:4             Orc (0/2) D:10
   Lair: D:8-11

Altars:
Ashenzari
Cheibriados
Gozag
Hepliaklqana
Kikubaaqudgha
Makhleb
Ru
Sif Muna
Trog
Wu Jian
Xom
The Shining One
Beogh

Shops:
D:6 :   D:8 =   D:9 =   D:11 :

Annotations:
D:4 1 runed translucent door, bl3nd3r's ghost, amateur MfGl


Innate Abilities, Weirdness & Mutations

You are immune to sickness and miasma.
You are immune to poison.
Your flesh is very heat resistant. (rF++)
You are vulnerable to cold. (rC-)
You float through the air rather than walking.
You learn spells naturally, not from books.
Your magical power is your life essence.
You have superior vitality. (+4 MHP)


Message History

The flame wave engulfs the ogre mage!!
The ogre mage is severely wounded. (Press . to intensify the flame waves.)
The ogre mage hits you with a +0 flail!
A wave of flame ripples out!
The flame wave engulfs the ogre mage!
You kill the ogre mage!
Makhleb accepts your kill.
You feel better.
A wave of flame ripples out!
The flame wave engulfs the two-headed ogre!
The two-headed ogre is moderately wounded.
The flame wave engulfs the two-headed ogre!
The two-headed ogre is moderately wounded.
You finish channelling waves of flame.
Casting: Flame Wave (mildly dangerous; 1% risk of failure)
Confirm with . or Enter, or press ? or * to list all spells.
You feel a surge of power!
Flames lash the two-headed ogre.
The two-headed ogre is moderately wounded.
The two-headed ogre's fire resistance burns away.
The two-headed ogre hits you with a +0 giant club!!
The two-headed ogre completely misses you.
Unknown command.
The two-headed ogre completely misses you.
The two-headed ogre hits you with a +0 giant club!
The two-headed ogre closely misses you. You block the two-headed ogre's attack.
Casting: Scorch (safe; 1% risk of failure)
Confirm with . or Enter, or press ? or * to list all spells.
Casting: Flame Wave (mildly dangerous; 1% risk of failure)
Press: ? - help, Dir - look around, f - activate You feel a surge of power!
A wave of flame ripples out!
The flame wave engulfs the two-headed ogre!
The two-headed ogre is heavily wounded.
The flame wave engulfs the two-headed ogre!
The two-headed ogre is burned terribly!
The two-headed ogre is heavily wounded. (Press . to intensify the flame waves.)
The two-headed ogre hits you with a +0 giant club!
* * * LOW HITPOINT WARNING * * *
The two-headed ogre hits you with a +0 giant club!!
You die...

####.......#
...........#
....O......#
.. #.#..#
... #....#
....###.#.##
..........#
....#.#O#.#
......O@..#
......#####
...... .....
..... ....
####


You could see 2 two-headed ogres.

Vanquished Creatures
  A boulder beetle (D:11)
  3 hydras (D:11)
  An ogre mage (D:14)
  A two-headed ogre (D:10)
  2 lindwurms (D:10)
  A deep elf pyromancer (D:11)
  2 ugly things (D:11)
  A manticore (D:11)
  Psyche (D:8)
  An efreet (D:11)
  2 kobold demonologists
  A komodo dragon (D:10)
  A troll (D:9)
  A hornet (D:9)
  3 shadows
  4 wraiths (D:11)
  11 yaks
  A wyvern (D:8)
  A steam dragon (D:9)
  2 acid dragons
  5 orc warriors
  2 black bears
  3 sky beasts
  An ice beast (D:8)
  A hornet zombie (D:7)
  5 centaurs
  6 kobold brigands
  3 bullfrogs
  A gnoll sergeant (D:6)
  3 scorpions
  A wyvern skeleton (D:7)
  3 wights (D:6)
  A howler monkey (D:11)
  A lava snake (D:10)
  4 centaur zombies
  2 jellies
  Crazy Yiuf (D:3)
  10 orc priests
  7 hounds
  2 bullfrog skeletons
  A centaur skeleton (D:6)
  19 orc wizards
  4 iguanas
  A hound skeleton (D:4)
  17 gnolls
  5 adders
  2 howler monkey skeletons
  3 white imps
  An ufetubus (D:5)
  4 worms
  2 dart slugs
  46 orcs
  2 ball pythons
  12 endoplasms
  3 giant cockroaches
  5 goblins
  11 hobgoblins
  5 jackals
  6 quokkas
  4 bats
  6 frilled lizards (D:1)
  57 kobolds
  5 rats
  19 bushes (D:10)
343 creatures vanquished.

Vanquished Creatures (collateral kills)
  A boulder beetle (D:11)
  A two-headed ogre (D:11)
  A deep elf pyromancer (D:10)
  A centaur zombie (D:11)
  An efreet (D:11)
  2 orc wizards (D:9)
  An endoplasm (D:3)
  A bush (D:10)
  24 foxfires (D:10)
33 creatures vanquished.

Vanquished Creatures (others)
  2 centaur simulacra (D:11)
  An acid dragon (D:10)
  An orc wizard (D:10)
  An orc (D:10)
  3 bushes (D:10)
  1141 foxfires
1149 creatures vanquished.

Grand Total: 1525 creatures vanquished

Notes
Turn   | Place    | Note
-------+----------+-------------------------------------------
     0 | D:1      | raph the Djinni Fire Elementalist began the quest for the
                  | Orb.
     0 | D:1      | Reached XP level 1. HP: 15/15 MP: 0/0
    44 | D:1      | Reached XP level 2. HP: 10/21 MP: 0/0
   767 | D:1      | Reached XP level 3. HP: 23/25 MP: 0/0
   767 | D:1      | Learned a level 1 spell: Animate Skeleton
  2071 | D:2      | Reached XP level 4. HP: 23/31 MP: 0/0
  2499 | D:2      | Reached skill level 1 in Fighting
  2980 | D:2      | Found a bloodstained altar of Trog.
  3569 | D:3      | Reached XP level 5. HP: 34/37 MP: 0/0
  3569 | D:3      | Learned a level 2 spell: Poisonous Vapours
  4254 | D:3      | Noticed a kobold brigand
  4288 | D:3      | Killed a kobold brigand
  4289 | D:3      | Reached XP level 6. HP: 17/43 MP: 0/0
  4985 | D:3      | Identified the +1 robe of Okawaru's Reproof {Int+2}
  5086 | D:3      | Found a faded altar of an unknown god.
  5172 | D:3      | Found a runed translucent door.
  5173 | D:3      | Noticed Crazy Yiuf
  5194 | D:3      | Killed Crazy Yiuf
  5504 | D:3      | Reached XP level 7. HP: 43/49 MP: 0/0
  5504 | D:3      | Learned a level 2 spell: Blink
  6869 | D:4      | Found a staircase to the Ecumenical Temple.
  6878 | Temple   | Entered the Ecumenical Temple
  6959 | Temple   | Became a worshipper of Makhleb the Destroyer
  7317 | D:4      | Reached skill level 5 in Spellcasting
  7325 | D:4      | Found a glowing golden altar of the Shining One.
  7425 | D:4      | Reached XP level 8. HP: 49/57 MP: 0/0
  7432 | D:4      | Reached skill level 5 in Dodging
  8722 | D:4      | Found a runed translucent door.
  8724 | D:4      | Noticed bl3nd3r's ghost (amateur MfGl)
  8955 | D:5      | Entered Level 5 of the Dungeon
 10317 | D:6      | Found Yxarchem's Book Boutique.
 10320 | D:6      | Noticed a shadow
 10323 | D:6      | Reached skill level 1 in Staves
 10329 | D:6      | Killed a shadow
 10330 | D:6      | Reached XP level 9. HP: 12/63 MP: 0/0
 10330 | D:6      | Learned a level 4 spell: Iskenderun's Mystic Blast
 10698 | D:6      | Reached * piety under Makhleb
 11354 | D:6      | Reached skill level 5 in Fighting
 13451 | D:8      | Noticed Psyche
 13458 | D:8      | Killed Psyche
 13459 | D:8      | Reached XP level 10. HP: 63/72 MP: 0/0
 13528 | D:8      | Reached ** piety under Makhleb
 14408 | D:8      | Found Cuadgh's Jewellery Boutique.
 14413 | D:8      | Bought an amulet of reflection for 480 gold pieces
 14705 | D:9      | Reached skill level 1 in Invocations
 15221 | D:9      | Found Lylu's Jewellery Shop.
 15741 | D:9      | Reached XP level 11. HP: 51/79 MP: 0/0
 15741 | D:9      | Learned a level 5 spell: Borgnjor's Vile Clutch
 16828 | D:9      | Reached *** piety under Makhleb
 17864 | D:10     | Entered Level 10 of the Dungeon
 18483 | D:10     | Noticed a lindwurm
 18484 | D:10     | Noticed a lindwurm
 18485 | D:10     | Noticed a deep elf pyromancer
 18793 | D:10     | Found a staircase to the Orcish Mines.
 19261 | D:10     | Found Bonlofuureu's Weapon Shop.
 19481 | D:10     | Noticed a two-headed ogre
 19498 | D:10     | Killed a two-headed ogre
 20066 | D:10     | Killed a lindwurm
 20068 | D:10     | Killed a deep elf pyromancer
 20068 | D:10     | Killed a lindwurm
 20358 | D:11     | Identified the +2 ring mail of Love and Death {rC++ Will-}
 20363 | D:11     | Noticed a deep elf pyromancer
 20367 | D:11     | Killed a deep elf pyromancer
 20533 | D:11     | Noticed a boulder beetle
 20547 | D:11     | Killed a boulder beetle
 20554 | D:11     | Noticed a six-headed hydra
 20875 | D:11     | Noticed a death knight
 20901 | D:11     | Killed a six-headed hydra
 20902 | D:11     | Reached skill level 5 in Invocations
 20902 | D:11     | Reached XP level 12. HP: 44/88 MP: 0/0
 21455 | D:11     | Reached skill level 10 in Spellcasting
 21480 | D:11     | Reached skill level 10 in Dodging
 21561 | D:11     | Noticed an eight-headed hydra
 21568 | D:11     | Killed an eight-headed hydra
 21586 | D:11     | Noticed a boulder beetle
 21603 | D:11     | Killed a boulder beetle
 21606 | D:11     | Noticed a two-headed ogre
 21614 | D:11     | Killed a two-headed ogre
 22058 | D:11     | Noticed a boulder beetle
 22154 | D:12     | Noticed a two-headed ogre
 22539 | D:11     | Noticed an eight-headed hydra
 22548 | D:11     | Killed an eight-headed hydra
 23010 | D:11     | Noticed a two-headed ogre
 23015 | D:11     | Found Wyipheuj's Book Boutique.
 23016 | D:11     | You are sucked into a shaft and drop 3 floors!
 23084 | D:14     | Noticed an ogre mage
 23084 | D:14     | Noticed a two-headed ogre
 23092 | D:14     | Noticed a two-headed ogre
 23096 | D:14     | Killed an ogre mage
 23100 | D:14     | Slain by a two-headed ogre

Illustrated notes

Levels and vault maps discovered:
D:1:      amcnicky_arrival_feature_with_door, layout_basic
D:2:      layout_basic, basic_altar, minmay_between
D:3:      minmay_goblin_kobold_castle, layout_loops_ring,
          shapermc_ecumenical_altar_rom_forum, uniq_crazy_yiuf_cottage
D:4:      layout_rooms, nicolae_overflow_hidden_temple,
          minmay_temple_entry_tees, ebering_ghost_inner_flame,
          ebering_dispersal_statue_hall, nrook_campfire, minmay_close_crescents
D:5:      layout_basic
D:6:      layout_basic, serial_shops, shop
D:7:      layout_basic
D:8:      layout_rooms, serial_shops, kennysheep_little_box,
          chequers_ossuary_entry_cave, uniq_psyche
D:9:      minmay_flawed_box, layout_basic, serial_shops, shop_fountains
D:10:     lemuel_flame_loot_2, layout_rooms, david_orc_5, serial_shops,
          nicolae_shop_stone, minmay_hedge_maze, grunt_ministairs_11
D:11:     minmay_quarter_circles, layout_basic, erik_lair_dragon, serial_shops,
          kennysheep_mini
D:12:     layout_cave_pools, nrook_uturn, kennysheep_small_circle, uniq_snorg
D:14:     layout_irregular_city, david_vaults_2, trog_three_pillars_becter,
          enter_trove_3, serial_bayou, serial_bayou_pond_a, serial_bayou_pond_e,
          serial_bayou_lagoon_a, serial_bayou_crossing, minmay_crystal_room,
          nicolae_straight_to_the_point
Temple:   mainiacjoe_temple_hex_bubbles

Skill      XL: |  1  2  3  4  5  6  7  8  9 10 11 12 |
---------------+-------------------------------------+-----
Stealth        | 2 |  2.0
Spellcasting   | 3 4 5 6 7 8 9 10 | 10.7
Dodging        | 3 4 5 7 8 9 10 | 10.6
Fighting       | 1 2 3 4 5 7 8 9 |  9.4
Staves         | 1 2 |  2.8
Invocations    | 2 5 6 |  6.3

Action                   |  1- 3 |  4- 6 |  7- 9 | 10-12 || total
-------------------------+-------+-------+-------+-------++-------
Melee: Unarmed           |     2 |       |       |       ||     2
       Whip              |     6 |     4 |     3 |       ||    13
       Punch             |     1 |       |       |       ||     1
       Staff             |       |       |    26 |    46 ||    72
 Cast: Foxfire           |    52 |   141 |   179 |   294 ||   666
       Animate Skeleton  |       |     4 |     5 |    17 ||    26
       Inner Flame       |       |     1 |       |     5 ||     6
       Conjure Flame     |       |     2 |       |     4 ||     6
       Poisonous Vapours |       |     2 |       |       ||     2
       Flame Wave        |       |       |    28 |    51 ||    79
       Scorch            |       |       |     3 |    15 ||    18
       Blink             |       |       |     1 |     2 ||     3
       Borgnjor's Vile C |       |       |       |    12 ||    12
       Iskenderun's Myst |       |       |       |     1 ||     1
Invok: Lesser Servant of |       |       |       |     4 ||     4
       Minor Destruction |       |       |       |     8 ||     8
  Use: Scroll            |       |     8 |     6 |     6 ||    20
       Potion            |       |       |       |     1 ||     1
 Stab: Sleeping          |       |       |     1 |       ||     1
Armor: Robe              |     4 |     4 |    35 |    18 ||    61
       Steam dragon scal |       |       |       |    40 ||    40
Dodge: Dodged            |    12 |    24 |    73 |   132 ||   241
Block: Orb               |       |       |       |    48 ||    48
       Reflection        |       |       |       |     4 ||     4
